AoeStats
← CARACODUENDE

Arena

510196522Analyzed
4v4 RM · 14h ago on Sep 29, 2026· 47m 20s· 8 players
Game mode
Random Map
Map size
Large (8 player)
Population
200
Speed
Normal
Resources
Standard
Victory
Conquest
Starting age
Dark Age
Ending age
Imperial Age
RankedLock teamsTeams togetherTeam positionsShared explorationLock speedFull tech treeHidden civsTurbo modeCheats
Victory
Defeat
🇫🇷 Vietnamese · France
1316
+13
🇨🇳 Franks · China
1280
+15
🇲🇽 Koreans · Mexico
1265
+15
🇨🇱 Italians · Chile
1247
+16
🇨🇦 Wei · Canada
1522
-25
🇺🇸 Vietnamese · United States
1328
-18
🇬🇪 Japanese · Georgia
1083
-27
🇲🇦 Khmer · Morocco
1065
-8
Nova_Wolf
10:07 Feudal Age
14:27 Castle Age
15:08 Double-Bit Axe
19:56 Loom
24:11 Horse Collar
26:51 Wheelbarrow
30:44 Imperial Age
28:41 Scale Mail Armor
29:48 Forging
29:54 Chain Mail Armor
29:42 Squires
29:28 Arson
29:53 Gold Mining
30:49 Capped Ram
32:00 Conscription
32:37 Iron Casting
33:50 Chemistry
33:08 Elite Fire Lancer
33:29 Pikeman
34:19 Halberdier
38:30 Plate Mail Armor
39:46 Crossbowman
40:18 Fletching
40:22 Arbalester
41:08 Thumb Ring
41:00 Bodkin Arrow
42:34 Ballistics
44:21 Bracer
Gericault667
11:13 Feudal Age
13:07 Wheelbarrow
15:43 Castle Age
14:16 Double-Bit Axe
14:14 Horse Collar
16:44 Hand Cart
16:41 Heavy Plow
16:53 Bow Saw
16:48 Loom
23:42 Gold Mining
23:44 Stone Mining
28:37 Imperial Age
26:26 Scale Mail Armor
26:36 Forging
27:16 Stone Shaft Mining
27:10 Town Watch
27:55 Squires
27:41 Arson
28:24 Chain Mail Armor
28:45 Iron Casting
28:28 Treadmill Crane
29:09 Ballistics
29:20 Town Patrol
28:46 Elite Fire Lancer
30:33 Chemistry
31:13 Two-Man Saw
30:45 Crop Rotation
31:05 Plate Mail Armor
32:04 Fletching
32:29 Masonry
34:07 Siege Engineers
43:01 Guilds
43:23 Coinage
CARACODUENDE
10:23 Feudal Age
14:26 Castle Age
12:36 Double-Bit Axe
12:32 Horse Collar
15:25 Bow Saw
17:30 Loom
36:27 Wheelbarrow
35:37 Town Watch
39:32 Imperial Age
39:13 Gold Mining
39:14 Stone Mining
40:13 Scale Mail Armor
40:24 Forging
40:17 Squires
40:03 Arson
42:59 Chain Mail Armor
43:19 Iron Casting
小雷同志
10:08 Feudal Age
13:59 Castle Age
11:52 Double-Bit Axe
20:06 Scale Barding Armor
22:25 Husbandry
24:17 Forging
25:43 Bow Saw
28:22 Gold Mining
31:30 Imperial Age
29:58 Wheelbarrow
30:22 Gold Shaft Mining
31:33 Hand Cart
31:04 Loom
31:04 Town Watch
32:27 Chain Barding Armor
32:43 Iron Casting
31:32 Cavalier
32:59 Conscription
32:42 Chivalry
33:36 Paladin
37:10 Plate Barding Armor
37:36 Blast Furnace
43:15 Stone Mining
42:58 Light Cavalry
noloomregret
10:34 Feudal Age
11:59 Double-Bit Axe
16:13 Castle Age
17:33 Bow Saw
18:26 Stone Mining
20:22 Horse Collar
21:21 Gold Mining
21:26 Horse Collar
23:01 Wheelbarrow
22:12 Loom
23:18 Gold Shaft Mining
26:00 Scale Barding Armor
26:06 Forging
27:49 Hand Cart
30:10 Imperial Age
28:38 Iron Casting
28:40 Caravan
29:07 Chain Barding Armor
29:01 Fletching
29:38 Husbandry
29:48 Bloodlines
30:51 Tusk Swords
30:29 Elite Battle Elephant
33:23 Plate Barding Armor
33:49 Blast Furnace
32:47 Bodkin Arrow
35:08 Coinage
35:12 Conscription
36:57 Banking
36:31 Heavy Scorpion
42:42 Double Crossbow
43:52 Bracer
TeKarino
10:29 Feudal Age
11:47 Loom
14:35 Castle Age
13:18 Double-Bit Axe
13:43 Horse Collar
15:28 Bow Saw
16:45 Heavy Plow
20:44 Wheelbarrow
22:04 Hand Cart
22:56 Stone Mining
24:01 Stone Shaft Mining
23:19 Gold Mining
24:44 Stone Shaft Mining
28:09 Imperial Age
26:10 Town Watch
27:00 Fletching
27:11 Padded Archer Armor
27:32 Ballistics
27:38 Masonry
28:01 Caravan
28:01 Bodkin Arrow
29:52 Chemistry
30:17 Bracer
33:56 Herbal Medicine
35:21 Leather Archer Armor
35:32 Siege Engineers
35:47 Elite Rattan Archer
36:35 Thumb Ring
37:06 Fortified Wall
36:54 Murder Holes
38:52 Hoardings
41:29 Ring Archer Armor
42:25 Coinage
VIT | Hera
10:47 Feudal Age
9:19 Loom
12:01 Double-Bit Axe
14:49 Castle Age
13:06 Horse Collar
14:24 Fletching
15:34 Bodkin Arrow
26:13 Bow Saw
29:46 Wheelbarrow
29:18 Heavy Plow
29:38 Town Watch
29:45 Gold Mining
29:46 Stone Mining
31:22 Hand Cart
36:25 Imperial Age
33:51 Bodkin Arrow
34:17 Ballistics
34:37 Fortified Wall
35:14 Caravan
35:24 Thumb Ring
35:45 Padded Archer Armor
38:12 Chemistry
37:27 Leather Archer Armor
37:13 Bracer
38:09 Bloodlines
37:59 Husbandry
39:04 Parthian Tactics
38:55 Leather Archer Armor
41:17 Parthian Tactics
42:41 Murder Holes
42:57 Masonry
beigebaths
10:32 Feudal Age
9:34 Loom
15:11 Double-Bit Axe
16:55 Horse Collar
18:22 Wheelbarrow
23:24 Castle Age
23:02 Stone Mining
23:09 Gold Mining
24:21 Hand Cart
24:45 Gold Shaft Mining
25:00 Heavy Plow
27:03 Bow Saw
27:25 Forging
27:18 Scale Mail Armor
29:10 Iron Casting
28:41 Scale Barding Armor
37:03 Imperial Age
37:12 Chain Mail Armor
38:45 Kataparuto
37:49 Elite Samurai
38:31 Yasama
39:16 Loom
40:01 Conscription
42:40 Murder Holes
42:59 Fortified Wall
42:41 Guard Tower
42:39 Arrowslits
43:08 Masonry
45:06 Chemistry
44:27 Ballistics
Connection lost

Rejoining the realm…

Still unreachable

The connection could not be restored.

Session expired

The server has moved on; the page needs a fresh start.